 Dungeon Crawl Stone Soup version 0.25.1-11-g244df3a29b (webtiles) character file.

Game seed: 9673538129171867156

53 DeepDeath the Twirler (level 4, -3/33 HPs)
             Began as a Formicid Gladiator on Jan 3, 2024.
             Slain by a worm (11 damage)
             ... on level 2 of the Dungeon.
             The game lasted 00:02:46 (1447 turns).

DeepDeath the Twirler (Formicid Gladiator)          Turns: 1447, Time: 00:02:46

Health: -3/33      AC:  3    Str: 19    XL:     4   Next: 11%
Magic:  4/4        EV: 12    Int:  8    God:
Gold:   91         SH:  3    Dex: 12    Spells: 3/3 levels left

rFire    . . .     SeeInvis +   a - +0 quarterstaff
rCold    . . .     Gourm    .   k - +0 buckler
rNeg     . . .     Faith    .   b - +0 leather armour
rPois    .         Spirit   .   (helmet unavailable)
rElec    .         Reflect  .   (no cloak)
rCorr    .         Harm     .   (no gloves)
MR       .....                  (no boots)
Stlth    +.........             (no amulet)
HPRegen  0.11/turn              (no ring)
MPRegen  0.09/turn              (no ring)

@: no status effects
A: permanent stasis, dig shafts and tunnels, four strong arms, antennae 3
a: Dig, Shaft Self


You were on level 2 of the Dungeon.
You were not hungry.

You visited 1 branch of the dungeon, and saw 2 of its levels.

You collected 91 gold pieces.

Inventory:

Hand Weapons
 a - a +0 quarterstaff (weapon)
Missiles
 c - 3 throwing nets (quivered)
 e - 30 stones
 l - 13 arrows
 m - 16 bolts
 n - 4 javelins
Armour
 b - a +0 leather armour (worn)
 k - a +0 buckler (worn)
Scrolls
 g - a scroll of fog
Potions
 f - a potion of curing
 i - a potion of berserk rage {unknown}
Comestibles
 d - 7 rations
 h - 2 chunks of flesh


   Skills:
 - Level 2.1 Fighting
 * Level 4.2 Staves
 - Level 2.0 Throwing
 - Level 1.0 Armour
 - Level 2.6 Dodging
 - Level 1.0 Stealth
 + Level 1.2 Shields


You had 3 spell levels left.
You didn't know any spells.
Your spell library was empty.

Dungeon Overview and Level Annotations

Branches:
Dungeon (2/15)

Altars:


Innate Abilities, Weirdness & Mutations

You cannot be hasted, slowed, berserked, paralysed or teleported.
You can dig through walls and to a lower floor.
Your four strong arms can wield two-handed weapons with a shield.
You have a pair of large antennae on your head. (SInv)


Message History

The worm is moderately wounded.
An adder comes into view.
The kobold throws a stone.
The stone barely misses you.
The stone hits the worm.
The worm bites you.
You barely miss the worm.
The worm is heavily wounded.
The kobold throws a stone.
The stone closely misses you.
The stone hits the worm but does no damage.
You thump the worm!
The worm is almost dead.
The worm bites you!
* * * LOW HITPOINT WARNING * * *
You are too injured to fight recklessly!
You are too injured to fight recklessly!
You are too injured to fight recklessly!
You are too injured to fight recklessly!
You barely miss the worm.
The worm is severely wounded.
The worm bites you!
You die...

.....#####.#
.....# #.####
###### #....# #
####.# #.# #.#
##.## .#.
...#...####.....
......K.(@w......
#.....S.#######..
##.#.#### ###. #.
#.


You could see a worm, an adder and a kobold.

Vanquished Creatures
  An adder (D:2)
  An ooze (D:2)
  A dart slug (D:1)
  2 leopard geckos (D:1)
  5 bats (D:1)
  2 giant cockroaches
  2 goblins
  3 hobgoblins
  4 jackals (D:1)
  A quokka (D:2)
  A ball python (D:1)
  A frilled lizard (D:1)
  7 kobolds
  2 rats (D:1)
33 creatures vanquished.

Notes
Turn   | Place    | Note
-------+----------+-------------------------------------------
     0 | D:1      | DeepDeath the Formicid Gladiator began the quest for the
                  | Orb.
     0 | D:1      | Reached XP level 1. HP: 16/16 MP: 1/1
   282 | D:1      | Reached XP level 2. HP: 14/22 MP: 2/2
   430 | D:1      | Reached skill level 1 in Stealth
   500 | D:1      | Reached skill level 1 in Armour
   711 | D:1      | Reached XP level 3. HP: 25/27 MP: 3/3
  1236 | D:2      | Reached skill level 4 in Staves
  1310 | D:2      | Reached skill level 1 in Shields
  1310 | D:2      | Reached XP level 4. HP: 27/33 MP: 4/4
  1447 | D:2      | Slain by a worm

Illustrated notes

Levels and vault maps discovered:
D:1:      dpeg_arrival_tiny_k, layout_loops_corners
D:2:      layout_loops_corners

Skill      XL: |  1  2  3 |
---------------+----------+-----
Stealth        | 1 |  1.0
Armour         | 1 |  1.0
Staves         | 4 |  4.2
Shields        | 1 |  1.2
Fighting       | |  2.1
Throwing       | |  2.0
Dodging        | |  2.6

Action                   |  1- 3 |  4- 6 || total
-------------------------+-------+-------++-------
Melee: Quarterstaff      |    94 |     7 ||   101
  Use: Scroll            |     5 |       ||     5
 Stab: Sleeping          |     1 |       ||     1
  Eat: Chunk             |     1 |     1 ||     2
Armor: Leather armour    |    35 |       ||    35
Dodge: Dodged            |    63 |     3 ||    66
Block: Buckler           |       |     1 ||     1
